 Dungeon Crawl Stone Soup version 0.19-a0-45-g2c295ea (webtiles) character file.

35 wvc the Cutter (level 3, 6/26 HPs)
             Began as a Mummy Wanderer on May 5, 2016.
             Quit the game on level 2 of the Dungeon.
             The game lasted 00:01:37 (954 turns).

wvc the Cutter (Mummy Wanderer)                      Turns: 954, Time: 00:01:37

Health: 6/26       AC:  3    Str: 17    XL:     3   Next: 16%
Magic:  4/4        EV: 11    Int: 11    God:
Gold:   25         SH:  0    Dex: 10    Spells: 0 memorised, 4 levels left

rFire  x . .     SeeInvis .     b - +0 short sword
rCold  + . .     Gourm    .     j - +0 leather armour
rNeg   + + +     Faith    .     (no shield)
rPois  ∞         Spirit   .     (no helmet)
rElec  .         Dismiss  .     (no cloak)
rCorr  .         Reflect  .     (no gloves)
SustAt .         Harm     .     (no boots)
MR     .....                    (no amulet)
Stlth  +.........               (no ring)
                                (no ring)

@: not resistant to hostile enchantments, very unstealthy
A: no food or potions, fire vulnerability, cold resistance 1, negative energy
resistance 3, torment resistance, unbreathing
a: no special abilities


You were on level 2 of the Dungeon.
You were not hungry.

You visited 1 branch of the dungeon, and saw 2 of its levels.

You collected 25 gold pieces.

Inventory:

Hand Weapons
 b - a +0 short sword (weapon)
 e - a +0 dagger
Armour
 j - a +0 leather armour (worn)
Scrolls
 c - a scroll of teleportation
 f - 2 scrolls of remove curse {unknown}
 g - a scroll of identify {unknown}
 h - a scroll of fear {unknown}
 i - a scroll of magic mapping {unknown}
Books
 a - a book of Callings

   Spells                             Type                      Level
   a - Summon Small Mammal            Summoning                    1
   b - Call Imp                       Summoning                    2
   c - Call Canine Familiar           Summoning                    3
   d - Summon Guardian Golem          Hexes/Summoning              3
   e - Summon Lightning Spire         Summoning/Air                4
   f - Summon Ice Beast               Ice/Summoning                4


   Skills:
 + Level 1.1 Fighting
 * Level 2.7 Short Blades
 - Level 1.0 Throwing
 + Level 0.5 Dodging
 - Level 1.5 Stealth
 - Level 1.0 Spellcasting
   Level 1.0 Summonings
   Level 1.0 Necromancy
   Level 1.0 Evocations


You had 4 spell levels left.
You didn't know any spells.

Dungeon Overview and Level Annotations

Branches:
Dungeon (2/15)

Altars:

Annotations:
D:2 Jessica


Innate Abilities, Weirdness & Mutations

You do not eat or drink.
Your flesh is vulnerable to fire.
You are immune to poison.
Your flesh is cold resistant.
You are immune to negative energy.
You are immune to unholy pain and torment.
You can survive without breathing.


Message History

The kobold throws a stone.
The stone closely misses you.
You see here a stone.
The worm bites you!
* * * LOW HITPOINT WARNING * * *
Jessica barely misses you.
You are too injured to fight recklessly!
You hit Jessica.
Jessica is lightly wounded.
Jessica gestures at you while chanting.
You are unaffected.
You hit Jessica.
Jessica is moderately wounded.
Jessica hits you.
* * * LOW HITPOINT WARNING * * *
You are too injured to fight recklessly!
You are too injured to fight recklessly!
You are too injured to fight recklessly!
You are too injured to fight recklessly!
You are too injured to fight recklessly!
Are you sure you want to abandon this character and quit the game? (Confirm with "yes".)

......# #........# ..#
......###.....†..####...##
......##).....#...........
(.......†.#.........$.....
......###.##..#.......K...
......# #.##.##(#####?.r##
......# #......K# ....#
####### #.....w@###.# ..#.
####.###@..# ..#
#.##.###.# .## #.... #..#.
#..## ..$ ###


You could see a worm, Jessica and a kobold.

Vanquished Creatures
  An ooze (D:1)
  3 dart slugs
  2 giant geckos (D:2)
  A giant cockroach (D:1)
  4 hobgoblins
  3 jackals (D:1)
  3 bats (D:1)
  A giant newt (D:1)
  A kobold (D:1)
  3 rats (D:1)
22 creatures vanquished.

Notes
Turn   | Place    | Note
--------------------------------------------------------------
     0 | D:1      | wvc the Mummy Wanderer began the quest for the Orb.
     0 | D:1      | wvc set off with: a book of Callings, a +0 short sword, a scroll of teleportation, a +0 robe, a +0 dagger
     0 | D:1      | Reached XP level 1. HP: 15/15 MP: 2/2
    44 | D:1      | Reached skill level 2 in Short Blades
    50 | D:1      | Reached XP level 2. HP: 10/21 MP: 3/3
   908 | D:2      | Reached XP level 3. HP: 26/26 MP: 4/4
   937 | D:2      | Noticed Jessica
   954 | D:2      | Quit the game

Vault maps used:
D:1:      dpeg_arrival_boxorama
D:2:      grunt_ministairs_2, uniq_jessica

Skill      XL: |  1 |
---------------+----+-----
Short Blades   | 2 |  2.7
Fighting       | |  1.1
Throwing       | |  1.0
Dodging        | |  0.5
Stealth        | |  1.5
Spellcasting   | |  1.0
Summonings     | |  1.0
Necromancy     | |  1.0
Evocations     | |  1.0

Action                   || total
-------------------------++-------
Melee: Short sword       ||    80
 Stab: Sleeping          ||     2
Armor: Robe              ||    10
       Leather armour    ||     3
Dodge: Dodged            ||    54
